 Dungeon Crawl Stone Soup version 0.22-a0-374-g5dfd9e3 (webtiles) character file.

25 VajrapaniSR the Vandal (level 3, -4/24 HPs)
             Began as an Octopode Hunter on Apr 26, 2018.
             Slain by a centaur skeleton (5 damage)
             ... on level 4 of the Dungeon.
             The game lasted 00:02:36 (351 turns).

VajrapaniSR the Vandal (Octopode Hunter)             Turns: 351, Time: 00:02:36

Health: -4/24      AC:  1    Str: 11    XL:     3   Next: 4%
Magic:  3/3        EV: 13    Int: 13    God:
Gold:   0          SH:  0    Dex: 13    Spells: 2/2 levels left

rFire    . . .     SeeInvis .   a - +1 hunting sling
rCold    . . .     Gourm    .   (no shield)
rNeg     . . .     Faith    .   (helmet restricted)
rPois    .         Spirit   .   (no amulet)
rElec    .         Reflect  .   (no ring)
rCorr    .         Harm     .   (no ring)
MR       .....                  (no ring)
Stlth    +++.......             (no ring)
HPRegen  0.08/turn              (no ring)
MPRegen  0.08/turn              (no ring)
                                (no ring)
                                (no ring)

@: no status effects
A: almost no armour, stealthy swim, amphibious, 8 rings, constrict 8, camouflage
1, gelatinous body 1
a: no special abilities


You were on level 4 of the Dungeon.
You were not hungry.

You visited 1 branch of the dungeon, and saw 4 of its levels.

Inventory:

Hand Weapons
 a - a +1 hunting sling (weapon)
Missiles
 c - 52 sling bullets (quivered)
Scrolls
 b - a scroll of enchant armour
 e - a scroll of enchant weapon
Comestibles
 d - 3 rations {@w1}


   Skills:
 - Level 2.0 Fighting
 - Level 4.0 Slings
 - Level 2.0 Dodging
 + Level 2.6 Stealth
 * Level 2.0 Unarmed Combat


You had 2 spell levels left.
You didn't know any spells.

Dungeon Overview and Level Annotations

Branches:
Dungeon (4/15)
 Temple: D:4-7

Altars:


Innate Abilities, Weirdness & Mutations

You cannot wear most types of armour.
You are very stealthy in the water. (Stealth+)
You are amphibious.
You can wear up to eight rings at the same time.
You can use your tentacles to constrict eight enemies at once.
Your skin changes colour to match your surroundings (Stealth+).
Your rubbery body absorbs attacks. (AC +1, EV +1)


Message History

The centaur skeleton closely misses you.
You tentacle-slap the centaur skeleton but do no damage.
You squeeze the centaur skeleton, but do no damage.
The centaur skeleton hits you.
You are too injured to fight recklessly!
You are too injured to fight recklessly!
You tentacle-slap the centaur skeleton but do no damage.
The centaur skeleton misses you.
a - a +1 hunting sling (weapon)
The centaur skeleton hits you!
* * * LOW HITPOINT WARNING * * *
You aren't carrying any potions.
Unknown command.
Okay, then.
Press: ? - help, v - describe, . - travel
Here: a centaur skeleton The floor, spattered with blood.
You see here an uncursed ring of teleportation.
The centaur skeleton hits you.
You die...

)..... #..#..
#..#.# #.$#.#
#.####..#.# #####
........#.###......
..............#
.#####Z#####.# #@#
# #<# ###


You could see a centaur skeleton.

Vanquished Creatures
  2 adders (D:2)
  2 bats
  2 goblins
  A frilled lizard (D:1)
  2 rats
9 creatures vanquished.

Notes
Turn   | Place    | Note
-------+----------+-------------------------------------------
     0 | D:1      | VajrapaniSR the Octopode Hunter began the quest for the Orb.
     0 | D:1      | Reached XP level 1. HP: 14/14 MP: 1/1
   172 | D:2      | Reached skill level 1 in Unarmed Combat
   172 | D:2      | Reached XP level 2. HP: 13/19 MP: 2/2
   317 | D:3      | Reached XP level 3. HP: 13/24 MP: 3/3
   348 | D:4      | HP: 1/24 [centaur skeleton (8)]
   351 | D:4      | Slain by a centaur skeleton

Vault maps used:
D:1:      saegor_arrival_simple_e, okawaru_ov_weapons_minmay
D:2:      nemelex_diamond_rough_becter, uniq_crazy_yiuf_cottage
D:3:      nicolae_qazlal_eye_of_the_storm, gammafunk_temple_overflow_pools,
          first_ration, uniq_robin
D:4:      grunt_temple_overflow_order_and_chaos_1, nicolae_ashenzari_panopticon,
          st_stairs_5, serial_bayou_pond_e, minmay_ruined_shrine, uniq_duvessa

Skill      XL: |  1  2 |
---------------+-------+-----
Stealth        | 2 |  2.6
Unarmed Combat | 1 2 |  2.0
Fighting       | |  2.0
Slings         | |  4.0
Dodging        | |  2.0

Action                   || total
-------------------------++-------
Melee: Unarmed           ||    32
       Constrict         ||     9
       Tentacles         ||     4
 Fire: Hunting sling     ||     5
  Use: Scroll            ||     4
 Stab: Sleeping          ||     2
Armor: Skin              ||     3
Dodge: Dodged            ||    28

Table legend:
 A = Spawn XP
 B = Non-spawn XP
 C = Spawn XP percentage of total XP
 D = Spawn monster count
 E = Non-spawn monster count
 F = Spawn count percentage of total count
 G = Total turns spent on level
                    A         B        C        D         E        F      G
               +---------+---------+-------+---------+---------+-------+---------
         Total |       0 |      36 |   0.0 |       0 |       9 |   0.0 |   351
               +---------+---------+-------+---------+---------+-------+---------
           D:1 |       0 |       2 |   0.0 |       0 |       2 |   0.0 |   152
           D:2 |       0 |      30 |   0.0 |       0 |       4 |   0.0 |   131
           D:3 |       0 |       4 |   0.0 |       0 |       3 |   0.0 |    45
               +---------+---------+-------+---------+---------+-------+---------
